 Dungeon Crawl Stone Soup version 0.31-a0-1093-gadecf4124d (webtiles) character file.

Game seed: 3062968463780571523

155949 Malachi the Metamorph (level 17, -5/102 HPs)
             Began as a Vine Stalker Shapeshifter on Nov 24, 2023.
             Was the Champion of Fedhas.
             Slain by a caustic shrike simulacrum (9 damage)
             ... summoned by an orange crystal statue
             ... in an ice cave on Nov 29, 2023.
             The game lasted 01:03:17 (26234 turns).

Malachi the Metamorph (Vine Stalker Shapeshifter)  Turns: 26234, Time: 01:03:24

Health: -5/102     AC: 37    Str: 24    XL:     17   Next: 66%
Magic:  0/28       EV:  5    Int:  8    God:    Fedhas [******]
Gold:   2125       SH:  0    Dex: 15    Spells: 16/16 levels left

rFire   + .          .
                       - Unarmed
rCold   + + .        (shield currently unavailable)
rNeg    . . .        Z - +9 scales of the Dragon King {rPois rF+ rC+ Will+}
rPois   +            (no helmet)
rElec   +            I - +2 cloak {rPois}
rCorr   .            x - melded +2 pair of gloves of Parts Unknown {rC+}
SInv    .            S - +3 pair of mountain boots {steadfast, rC+}
Will    ++++.        (no amulet) Stlth
                     O - ring "Enech" {+Blink rElec rPois AC+4 Int-2}
HPRegen 1.17/turn    v - +4 ring of slaying
MPRegen 0.21/turn

%: clarity, guardian spirit
@: blade hands
A: fangs 3, regeneration 1, magic shield, antimagic bite, no potion heal 2,
hooves 1, clarity, strong-willed 1, robust 1
a: Begin Untransformation, Renounce Religion, Evoke Blink, Wall of Briars, Grow
Ballistomycete, Overgrow, Grow Oklob


You were in an ice cave.
You worshipped Fedhas.
Fedhas was exalted by your worship.
You had blades for hands.
You visited 5 branches of the dungeon, and saw 27 of its levels.
You also visited: Bailey, Gauntlet and Ice Cave.

You collected 6345 gold pieces.
You spent 4220 gold pieces at shops.

Inventory:

Missiles
 j - 13 javelins (quivered)
 K - a throwing net
Armour
 x - the +2 pair of gloves of Parts Unknown (melded) {rC+}
   (You bought it in a shop on level 6 of the Dungeon)

   rC+:       It protects you from cold.
 I - a +2 cloak of poison resistance (worn)
 S - the +3 pair of mountain boots (worn) {steadfast, rC+}
   (You found it in a Gauntlet)

   Steadfast: It prevents involuntary movement, except for blinking,
   teleportation, or banishment.
   rC+:       It protects you from cold.
 Z - the +9 scales of the Dragon King (worn) {rPois rF+ rC+ Will+}
   (You bought it in a shop on level 1 of the Snake Pit)

   rF+:       It protects you from fire.
   rC+:       It protects you from cold.
   rPois:     It protects you from poison Will+: It increases your willpower.
Jewellery
 e - a ring of willpower
 v - a +4 ring of slaying (right blade hand)
 O - the ring "Enech" (left blade hand) {+Blink rElec rPois AC+4 Int-2}
   (You acquired it on level 5 of the Lair of Beasts)

   [ring of protection]

   AC+4:      It affects your AC (+4).
   Int-2:     It affects your intelligence (-2).
   rElec:     It insulates you from electricity.
   rPois:     It protects you from poison +Blink: It lets you blink.
Talismans
 d - a flux talisman
 l - a storm talisman
 H - the serpent talisman of Zausic {rPois rF+ MP+9}
   (You took it off Aizul on level 1 of the Snake Pit)

   [serpent talisman]

   rF+:       It protects you from fire.
   rPois:     It protects you from poison MP+9: It affects your magic capacity
   (+9).
 T - a dragon-blood talisman
 Y - a blade talisman (active)
Wands
 t - a wand of paralysis (54)
 y - a wand of flame (31)
 B - a wand of iceblast (36)
 D - a wand of mindburst (20)
 P - a wand of polymorph (13)
 Q - a wand of light (7)
Scrolls
 f - a scroll of summoning
 g - 6 scrolls of fog
 h - 2 scrolls of amnesia
 i - 20 scrolls of teleportation
 o - a scroll of silence
 u - 4 scrolls of torment
 w - 3 scrolls of blinking
 C - 2 scrolls of brand weapon
 F - 4 scrolls of immolation
 G - a scroll of fear
 J - 3 scrolls of enchant weapon
 L - a scroll of revelation
 N - 4 scrolls of enchant armour
 W - a scroll of poison
Potions
 a - 6 potions of might
 b - 4 potions of lignification
 c - a potion of invisibility
 k - 5 potions of enlightenment
 m - 4 potions of cancellation
 n - 6 potions of curing
 r - 5 potions of mutation
 z - 3 potions of magic
 A - a potion of brilliance
 E - 6 potions of resistance
 M - 3 potions of attraction
 R - a potion of ambrosia
 V - 2 potions of haste
Miscellaneous
 s - a phantom mirror


   Skills:
 + Level 11.8 Fighting
 + Level 11.5 Armour
 - Level 1.5 Dodging
 - Level 15.0 Unarmed Combat
 - Level 14.0 Invocations
 * Level 17.3 Shapeshifting


You had 16 spell levels left.
You didn't know any spells.
Your spell library contained the following spells:

 Spells                   Type           Power      Damage    Failure   Level
 Apportation              Tloc           0%         N/A       100%        1
 Kiss of Death            Conj/Necr      0%         2d5       100%        1
 Necrotise                Necr           0%         1d4       100%        1
 Summon Small Mammal      Summ           0%         N/A       100%        1
 Blink                    Tloc           0%         N/A       100%        2
 Lesser Beckoning         Tloc           0%         N/A       100%        2
 Momentum Strike          Conj/Tloc      0%         3d8       100%        2
 Poisonous Vapours        Pois/Air       0%         N/A       100%        2
 Scorch                   Fire           0%         2d5       100%        2
 Static Discharge         Conj/Air       0%         3-3/arc   100%        2
 Sublimation of Blood     Necr           0%         N/A       100%        2
 Wereblood                Tmut           0%         N/A       100%        2
 Ignite Poison            Fire/Tmut/Pois 0%         N/A       100%        3
 Vampiric Draining        Necr           0%         2d6       100%        3
 Volatile Blastmotes      Fire/Tloc      0%         2d10      100%        3
 Airstrike                Air            0%         2d(0-16)  100%        4
 Flame Wave               Conj/Fire      0%         2d4       100%        4
 Fulminant Prism          Conj/Hex       0%         3d5       100%        4
 Iskenderun's Mystic Bla  Conj/Tloc      0%         2d3       100%        4
 Olgreb's Toxic Radiance  Pois           0%         N/A       100%        4
 Sticky Flame             Conj/Fire      0%         2d3       100%        4
 Summon Lightning Spire   Summ/Air       0%         N/A       100%        4
 Alistair's Intoxication  Tmut/Pois      0%         N/A       100%        5
 Borgnjor's Vile Clutch   Necr/Erth      0%         N/A       100%        5
 Iskenderun's Battlesphe  Conj           0%         2d6       100%        5
 Bombard                  Conj/Erth      0%         9d1       100%        6
 Eringya's Noxious Bog    Tmut/Pois      0%         4d6       100%        6
 Summon Cactus Giant      Summ           0%         N/A       100%        6
 Haunt                    Necr/Summ      0%         N/A       100%        7
 Spellforged Servitor     Conj/Summ      0%         N/A       100%        7
 Summon Hydra             Summ           0%         N/A       100%        7
 Borgnjor's Revivificati  Necr           0%         N/A       100%        8
 Discord                  Hex            0%         N/A       100%        8
 Ignition                 Fire           0%         3d3       100%        8
 Death's Door             Necr           0%         N/A       100%        9


Dungeon Overview and Level Annotations

Branches:
Dungeon (15/15)            Temple (1/1) D:6            Lair (5/5) D:10
 Shoals (0/4) Lair:2        Snake (4/4) Lair:2        Slime (0/5) Lair:5
    Orc (2/2) D:9             Elf (0/3) Orc:2        Vaults (0/5) D:14
 Depths (0/4) D:15         Bailey (visited)           IceCv (1/1)
Gauntlet (visited)

Altars:
Ashenzari
Cheibriados
Dithmenos
Elyvilon
Fedhas
Gozag
Hepliaklqana
Kikubaaqudgha
Makhleb
Nemelex Xobeh
Okawaru
Qazlal
Ru
Sif Muna
Trog
Uskayaw
Vehumet
Wu Jian
Xom
Yredelemnul
Zin
The Shining One
Jiyva

Shops:
D:6 [   D:11 [   D:15 (   Orc:2 ([?*   Snake:1 =[(   Snake:2 ![

Portals:
Hell: Lair:5
Trove: D:11 (give 4 scrolls of blinking)

Annotations:
IceCv 1 transporter, exclusion: orange crystal statue


Innate Abilities, Weirdness & Mutations

You have blades for hands.
You are incapable of wielding weapons or throwing items.
You have razor-sharp teeth.
Your natural rate of healing is unusually fast.
When hurt, damage is shared between your health and your magic reserves.
Your bite disrupts and absorbs the magic of your enemies.
Potions cannot restore your health.
You have large cloven feet.
You possess an exceptional clarity of mind.
You are strong-willed. (Will+)
You are robust. (+10% HP)


Message History

The caustic shrike simulacrum freezes you!
You resist.
* * * LOW HITPOINT WARNING * * *
Unknown command.
You are too injured to fight recklessly!
You are too injured to fight recklessly!
Unknown command.
You shred the anaconda simulacrum!!!
The anaconda simulacrum vaporises!
You feel yourself speed up.
The caustic shrike simulacrum claws you!
* * * LOW HITPOINT WARNING * * *
The caustic shrike simulacrum freezes you!
You resist.
* * * LOW HITPOINT WARNING * * *
The orange crystal statue glitters.
The caustic shrike simulacrum claws you but does no damage.
Your wandering mushroom releases spores at the orange crystal statue.
A ballistomycete spore comes into view.
Okay, then.
Okay, then.
The orange crystal statue glitters.
You resist with almost no effort.
Your oklob sapling appears confused.
Your wandering mushroom appears confused.
Your wandering mushroom resists with almost no effort.
Your ballistomycete spore explodes!
The explosion of spores engulfs the freezing wraith!!
The freezing wraith is moderately damaged.
The explosion of spores engulfs the dire elephant simulacrum!!
The dire elephant simulacrum is heavily damaged.
The explosion of spores engulfs the dire elephant simulacrum!
The dire elephant simulacrum is moderately damaged.
Your wandering mushroom releases spores at the orange crystal statue but does no damage.
The caustic shrike simulacrum claws you!
* * * LOW HITPOINT WARNING * * *
The caustic shrike simulacrum freezes you!
You resist.
You die...
Fedhas appreciates your contribution to the ecosystem.

### ##### #©.#
###...####
#..8####........####
#...8##..........PP##
#....8#...........P.#
##Z.Z..#....8.......#
#PW(.†.#8...........#
#P8)○Z©#©©........∩∩#
#f=/.@.#8...........#
##)f...#.?..8.......#
#....8#...........##
#...8##..........##
#..8####........##
#∩.# ###...#### ###
#####


You could see an orange crystal statue (ally target), a freezing wraith
(summoned), 2 dire elephant simulacra, a caustic shrike simulacrum (summoned), 2
friendly wandering mushrooms, a friendly ballistomycete (summoned) and a
friendly oklob sapling (summoned, confused).

Vanquished Creatures
  Mlioglotl (Snake:2)
  Asterion (Snake:3)
  The ghost of Ciar the Earth Mage, an adept GrCj of Vehumet (Snake:3)
  Aizul (Snake:1)
  2 orc warlords
  Nessos (D:14)
  2 very ugly things (IceCv)
  A dire elephant (Lair:5)
  A minotaur (Gauntlet)
  An ettin (D:9)
  A fire dragon (D:15)
  An entropy weaver (shapeshifter) (D:14)
  2 vault guards (Bailey)
  2 hydras (Lair:5)
  An ice dragon (D:15)
  A salamander tyrant (Snake:3)
  5 anacondas
  2 ogre magi
  3 centaur warriors
  12 two-headed ogres
  3 boulder beetles
  10 death yaks
  Urug (D:13)
  13 naga warriors
  7 shock serpents
  11 naga sharpshooters
  2 salamander mystics
  The ghost of dertzug the Cleaver, a novice MiFi (D:7)
  A sun demon (Lair:5)
  2 fire crabs (Lair:3)
  4 sea snakes (Snake:3)
  2 skysharks (Lair:4)
  The ghost of kal9871 the Twirler, a novice FoFi of Okawaru (D:7)
  A sixfirhy (Gauntlet)
  7 naga ritualists
  3 deep elf pyromancers
  An arcanist (Lair:5)
  10 mana vipers
  A lindwurm (Lair:5)
  A necromancer (Gauntlet)
  3 cyclopes
  2 salamanders (shapeshifter)
  2 manticores
  15 ugly things
  Joseph (D:7)
  7 salamanders
  6 elephants (Lair:5)
  15 naga magi
  3 guardian serpents (Snake:3)
  An orange demon (Lair:5)
  A torpor snail (Lair:5)
  32 black mambas
  11 cane toads
  5 rime drakes
  An unseen horror (D:10)
  An efreet (D:13)
  2 kobold demonologists (D:12)
  4 freezing wraiths
  An anaconda simulacrum (IceCv)
  9 komodo dragons
  A yaktaur (D:15)
  3 ice devils (Lair:5)
  A red devil (Lair:5)
  5 trolls
  A hellwing (Lair:5)
  A hornet (D:10)
  6 polar bears
  Prince Ribbit (Bailey)
  A raiju (shapeshifter) (D:14)
  A blink frog (shapeshifter) (D:13)
  A snapping turtle (Lair:2)
  17 blink frogs
  10 dream sheep (Lair:5)
  2 centaur simulacra
  10 slime creatures
  4 shadows
  45 yaks
  6 wyverns
  2 wraiths
  A water elemental (Lair:2)
  A golden eye (shapeshifter) (D:14)
  3 humans (Bailey)
  6 basilisks
  4 steam dragons
  2 vampire mosquitoes (D:14)
  Menkaure (D:5)
  2 harpy simulacra (IceCv)
  31 nagas
  7 wargs
  A hydra simulacrum (IceCv)
  2 acid dragons
  14 water moccasins
  Duvessa (D:4)
  5 hell hounds (Lair:5)
  An ice beast (D:5)
  An ettin simulacrum (IceCv)
  30 orc warriors
  16 wolves
  7 ogres
  8 centaurs
  A phantom (D:4)
  2 kobold brigands (D:7)
  32 bullfrogs
  2 gnoll sergeants
  2 scorpions
  5 wights
  Dowan (D:4)
  2 lindwurm simulacra (IceCv)
  6 killer bees
  5 electric eels
  3 howler monkeys
  3 jellies
  Crazy Yiuf (D:7)
  23 orc priests
  4 hounds
  2 gnoll boudas
  3 iguanas
  2 hell rats (Lair:1)
  36 orc wizards
  12 gnolls
  8 river rats (Lair:1)
  9 adders
  3 shadow imps (D:6)
  2 white imps
  4 ufetubi
  2 worms
  2 dart slugs
  86 orcs
  10 ball pythons
  10 bats
  7 endoplasms
  5 giant cockroaches
  9 goblins
  14 hobgoblins
  23 kobolds
  5 quokkas
  3 frilled lizards
  10 rats
867 creatures vanquished.

Vanquished Creatures (collateral kills)
  The ghost of peterlawrence the Warrior, a journeyman MiFi of Okawaru (Lair:2)
  An orc high priest (Orc:2)
  A shock serpent (Snake:2)
  An orc sorcerer (Orc:2)
  A golden dragon simulacrum (IceCv)
  A troll (Orc:1)
  3 polar bears
  2 hornets (Lair:2)
  3 blink frogs (Lair:5)
  2 fire bats (Lair:3)
  3 spriggans (Lair:2)
  A fire elemental (Lair:3)
  2 wargs (Orc:2)
  4 orc warriors
  A wolf (Lair:5)
  3 orc priests
  2 orc wizards
  7 orcs
  9 ballistomycete spores
48 creatures vanquished.

Vanquished Creatures (others)
  A gnoll sergeant (D:11)
  2 gnolls (D:11)
  An orc (Orc:2)
  4 ballistomycete spores (Lair:3)
8 creatures vanquished.

Grand Total: 923 creatures vanquished

Notes
Turn   | Place    | Note
-------+----------+-------------------------------------------
     0 | D:1      | Malachi the Vine Stalker Shapeshifter began the quest for
                  | the Orb.
     0 | D:1      | Reached XP level 1. HP: 9/9 MP: 2/2
    59 | D:1      | Reached XP level 2. HP: 11/14 MP: 1/3
   385 | D:1      | Reached XP level 3. HP: 17/17 MP: 4/4
  1165 | D:2      | Reached XP level 4. HP: 21/21 MP: 5/5
  1231 | D:2      | Reached skill level 4 in Shapeshifting
  2674 | D:4      | Reached XP level 5. HP: 25/25 MP: 6/6
  2776 | D:4      | Noticed a phantom
  2785 | D:4      | Killed a phantom
  2786 | D:4      | Reached skill level 5 in Unarmed Combat
  2786 | D:4      | Reached XP level 6. HP: 28/29 MP: 7/7
  2819 | D:4      | Reached skill level 5 in Shapeshifting
  3549 | D:5      | Entered Level 5 of the Dungeon
  3591 | D:5      | Identified 3 scrolls of acquirement
  3591 | D:5      | Acquired 1090 gold pieces
  3593 | D:5      | Acquired a manual of Unarmed Combat
  3595 | D:5      | Acquired 505 gold pieces
  3637 | D:5      | Noticed an ice beast
  3722 | D:5      | Noticed Dowan
  3723 | D:5      | Noticed Duvessa
  3739 | D:4      | Reached XP level 7. HP: 24/32 MP: 4/8
  4031 | D:4      | Killed Duvessa
  4031 | D:4      | Killed Dowan
  4032 | D:4      | Reached skill level 6 in Shapeshifting
  4445 | D:5      | Noticed Menkaure
  4452 | D:5      | Killed Menkaure
  4453 | D:5      | Gained mutation: You have razor-sharp teeth. [Vine Stalker
                  | growth]
  4453 | D:5      | Reached XP level 8. HP: 33/37 MP: 7/9
  4732 | D:5      | Found a shadowy altar of Dithmenos.
  4732 | D:5      | Found a sacrificial altar of Ru.
  4739 | D:5      | Found a burning altar of Makhleb.
  4741 | D:5      | Found an ornate altar of the Wu Jian Council.
  4923 | D:6      | Reached skill level 1 in Fighting
  4961 | D:6      | Found a staircase to the Ecumenical Temple.
  4974 | D:6      | Found Mosu's Antique Armour Shoppe.
  4982 | D:6      | Bought a pair of distressingly furry gloves for 209 gold
                  | pieces
  4982 | D:6      | Identified the +2 pair of gloves of Parts Unknown {rC+}
                  | (You bought it in a shop on level 6 of the Dungeon)
  4986 | D:6      | Bought a glowing chain mail for 165 gold pieces
  4986 | D:6      | Bought a runed chain mail for 165 gold pieces
  4992 | D:6      | Bought a glowing cloak for 165 gold pieces
  5141 | D:6      | Reached skill level 7 in Shapeshifting
  5787 | D:6      | Bought a pair of embroidered gloves for 165 gold pieces
  5811 | Temple   | Entered the Ecumenical Temple
  5828 | Temple   | Became a worshipper of Fedhas Madash
  5851 | D:7      | Noticed a wyvern
  5859 | D:6      | Reached skill level 10 in Unarmed Combat
  5859 | D:6      | Reached XP level 9. HP: 31/44 MP: 10/10
  6294 | D:7      | Reached skill level 8 in Shapeshifting
  6304 | D:7      | Reached * piety under Fedhas
  6476 | D:7      | Noticed Joseph
  6494 | D:7      | Killed Joseph
  6495 | D:7      | Reached skill level 1 in Armour
  6536 | D:7      | Reached skill level 5 in Fighting
  6638 | D:7      | Found a runed translucent gate.
  6639 | D:7      | Found a runed translucent gate.
  6640 | D:7      | Found a runed translucent gate.
  6640 | D:7      | Noticed kal9871's ghost (novice FoFi)
  6640 | D:7      | Noticed dertzug's ghost (novice MiFi)
  6721 | D:7      | Found a runed translucent door.
  6722 | D:7      | Noticed Crazy Yiuf
  6728 | D:7      | Killed Crazy Yiuf
  6729 | D:7      | Reached XP level 10. HP: 48/51 MP: 9/11
  6849 | D:7      | Killed kal9871's ghost
  6864 | D:7      | Killed dertzug's ghost
  7160 | D:8      | Reached skill level 1 in Invocations
  7337 | D:8      | Reached ** piety under Fedhas
  7797 | D:9      | Identified the +3 plate armour of the Northern Lights {Fly
                  | Int+3}
  7950 | D:9      | Found a staircase to the Orcish Mines.
  8011 | D:9      | Reached XP level 11. HP: 51/58 MP: 14/14
  8138 | D:9      | Noticed a deep elf pyromancer
  8143 | D:9      | Killed a deep elf pyromancer
  8148 | D:9      | Reached *** piety under Fedhas
  8300 | D:10     | Entered Level 10 of the Dungeon
  8364 | D:10     | Reached skill level 5 in Armour
  8408 | D:10     | Found a staircase to the Lair.
  8487 | D:10     | Found a broken altar of Ashenzari.
  8487 | D:10     | Found a hide-covered altar of Uskayaw.
  8794 | D:10     | Found a flagged portal.
  8808 | D:10     | Reached **** piety under Fedhas
  8814 | Bailey   | Entered a bailey
  8831 | Bailey   | Reached skill level 5 in Invocations
  8944 | Bailey   | Noticed a vault guard
  8957 | Bailey   | Killed a vault guard
  8980 | Bailey   | Noticed Prince Ribbit
  8980 | Bailey   | Noticed a vault guard
  8991 | Bailey   | Killed a vault guard
  8998 | Bailey   | Killed Prince Ribbit
  9021 | Bailey   | Acquired 572 gold pieces
  9038 | D:10     | Gained mutation: You are strong-willed. (Will+) [potion of
                  | mutation]
  9038 | D:10     | Gained mutation: You are robust. (+10% HP) [potion of
                  | mutation]
  9038 | D:10     | Gained mutation: You have hidden genetic potential. [potion
                  | of mutation]
  9143 | D:10     | Noticed a two-headed ogre
  9156 | D:10     | Killed a two-headed ogre
  9157 | D:10     | Reached XP level 12. HP: 58/70 MP: 17/17
  9348 | Lair:1   | Entered Level 1 of the Lair of Beasts
  9489 | Lair:1   | Reached ***** piety under Fedhas
 10466 | Lair:2   | Noticed a death yak
 10466 | Lair:2   | Noticed a death yak
 10468 | Lair:2   | Noticed a death yak
 10469 | Lair:2   | Noticed a death yak
 10774 | Lair:2   | Found a runed translucent door.
 10776 | Lair:2   | Noticed peterlawrence's ghost (journeyman MiFi)
 10777 | Lair:2   | Identified the +5 spear of Qazlal, Enchanting {pain, rPois
                  | Will+ Int+3}
 10789 | Lair:2   | Killed a death yak
 10795 | Lair:2   | Killed a death yak
 10798 | Lair:2   | Killed a death yak
 10807 | Lair:2   | Killed a death yak
 10814 | Lair:2   | Gained mutation: You possess an exceptional clarity of
                  | mind. [hidden potential]
 10817 | Lair:2   | Reached skill level 15 in Unarmed Combat
 10901 | Lair:2   | Found a staircase to the Shoals.
 10910 | Lair:2   | Reached skill level 9 in Shapeshifting
 10981 | Lair:2   | Found a staircase to the Snake Pit.
 11105 | Lair:2   | Reached XP level 13. HP: 56/77 MP: 14/19
 11291 | Lair:2   | Killed peterlawrence's ghost
 11543 | Lair:3   | Found a transporter.
 11620 | Lair:3   | Found a transporter.
 11860 | Lair:3   | Reached skill level 10 in Fighting
 11860 | Lair:3   | Gained mutation: You have large cloven feet. [hidden
                  | potential]
 11860 | Lair:3   | Lost mutation: You have hidden genetic potential. [hidden
                  | potential expressed]
 12527 | Lair:4   | Reached skill level 10 in Shapeshifting
 13040 | Lair:5   | Entered Level 5 of the Lair of Beasts
 13184 | Lair:5   | Reached XP level 14. HP: 26/84 MP: 17/22
 13194 | Lair:5   | Reached skill level 10 in Invocations
 13445 | Lair:5   | Reached skill level 11 in Shapeshifting
 13469 | Lair:5   | Found a staircase to the Slime Pits.
 13469 | Lair:5   | Found a viscous altar of Jiyva.
 13483 | Lair:5   | Acquired the ring "Enech" {+Blink rElec rPois AC+4 Int-2}
 13499 | Lair:5   | Reached ****** piety under Fedhas
 14211 | Lair:5   | Noticed a dire elephant
 14226 | Lair:5   | Killed a dire elephant
 14258 | Lair:5   | Found a burning altar of Makhleb.
 14286 | Lair:5   | Reached skill level 10 in Armour
 14349 | Lair:5   | Found a gateway to Hell.
 14697 | Orc:1    | Entered Level 1 of the Orcish Mines
 14764 | Orc:2    | Entered Level 2 of the Orcish Mines
 14775 | Orc:2    | Noticed an orc warlord
 15333 | Orc:1    | Killed an orc warlord
 15633 | Orc:2    | Reached skill level 12 in Shapeshifting
 15762 | Orc:2    | Found a staircase to the Elven Halls.
 15892 | Orc:2    | Found Cufown's General Store.
 16031 | Orc:2    | Found Kael's Magic Scroll Boutique.
 16056 | Orc:2    | Bought a scroll of teleportation for 45 gold pieces
 16056 | Orc:2    | Bought a scroll of teleportation for 45 gold pieces
 16056 | Orc:2    | Bought a scroll of teleportation for 45 gold pieces
 16056 | Orc:2    | Bought a scroll of revelation for 112 gold pieces
 16179 | Orc:2    | Noticed an orc warlord
 16206 | Orc:2    | Killed an orc warlord
 16216 | Orc:2    | Reached XP level 15. HP: 43/88 MP: 17/25
 16286 | Orc:2    | Found Aplogius's Antique Armour Shoppe.
 16290 | Orc:2    | Found Opref's Antique Weapon Emporium.
 17506 | D:11     | Found Pucemeut's Armour Boutique.
 17772 | D:11     | Found a portal to a secret trove of treasure.
 18208 | D:12     | Found a gate leading to a gauntlet.
 18217 | Gauntlet | Entered a Gauntlet
 18217 | Gauntlet | Found a transporter.
 18217 | Gauntlet | Found a transporter.
 18235 | Gauntlet | Found a transporter.
 18242 | Gauntlet | Found a runed translucent door.
 18250 | Gauntlet | Found a transporter.
 18250 | Gauntlet | Found a transporter.
 18254 | Gauntlet | Found a transporter.
 18255 | Gauntlet | Found a transporter.
 18255 | Gauntlet | Found a transporter.
 18270 | Gauntlet | Found a transporter.
 18286 | Gauntlet | Found a transporter.
 18296 | Gauntlet | Found a transporter.
 18300 | Gauntlet | Found the +3 pair of mountain boots {steadfast, rC+}
 18314 | Gauntlet | Found a transporter.
 18333 | Gauntlet | Found a transporter.
 18346 | Gauntlet | Found a transporter.
 18459 | Gauntlet | Reached skill level 13 in Shapeshifting
 18473 | Gauntlet | Identified the ring of Miurozuq {Fly rPois MP-9 Str+4
                  | Int+3}
 18517 | Gauntlet | Identified the +1 pearl dragon scales of Generosity {rC-
                  | rN+ Will+ Dex+4}
 18517 | Gauntlet | Identified the +2 kite shield of the Bard {-Tele rF+ Will+
                  | Str+3}
 18596 | Gauntlet | Got the Omnibus of Necromantic Spells and the Hornet
 19472 | D:13     | Found a shimmering blue altar of Sif Muna.
 19655 | D:13     | Noticed Urug
 19663 | D:13     | Killed Urug
 20178 | D:14     | Found a shadowy altar of Dithmenos.
 20596 | D:14     | Found a gate to the Vaults.
 20909 | D:14     | Noticed Nessos
 20918 | D:14     | Killed Nessos
 20986 | D:14     | Reached skill level 14 in Shapeshifting
 21044 | D:15     | Entered Level 15 of the Dungeon
 21266 | D:15     | Found Wontuxtu's Weapon Shop.
 21275 | D:15     | Reached XP level 16. HP: 93/93 MP: 27/27
 21394 | D:15     | Found a staircase to the Depths.
 21755 | Snake:1  | Entered Level 1 of the Snake Pit
 21860 | Snake:1  | Reached skill level 15 in Shapeshifting
 22529 | Snake:1  | Acquired 1110 gold pieces
 22562 | Snake:1  | Identified the serpent talisman of Zausic {rPois rF+ MP+9}
 22562 | Snake:1  | Noticed Aizul
 22582 | Snake:1  | Killed Aizul
 23290 | Snake:1  | Found Hef Houc's Weapon Emporium.
 23292 | Snake:1  | Found Sijar's Antique Armour Shoppe.
 23294 | Snake:1  | Found Iruhut's Jewellery Emporium.
 23300 | Snake:1  | Bought the +9 scales of the Dragon King {rPois rF+ rC+
                  | Will+} for 2870 gold pieces
 23300 | Snake:1  | Found the +9 scales of the Dragon King {rPois rF+ rC+
                  | Will+}
 23670 | Snake:2  | Noticed Mlioglotl
 23682 | Snake:2  | Killed Mlioglotl
 23891 | Snake:2  | Reached skill level 16 in Shapeshifting
 24113 | Snake:2  | Found Tifoasm's Distillery.
 24125 | Snake:2  | Bought a potion of haste for 180 gold pieces
 24125 | Snake:2  | Bought a potion of curing for 54 gold pieces
 24133 | Snake:2  | Found Wehuggae's Antique Armour Shop.
 24427 | Snake:3  | Noticed Asterion
 24435 | Snake:3  | Killed Asterion
 24539 | Snake:3  | Upgraded the game from 0.31-a0-1068-g5939ac1fb6 to
                  | 0.31-a0-1093-gadecf4124d
 24827 | Snake:3  | Found a runed translucent gate.
 24828 | Snake:3  | Found a runed translucent gate.
 24828 | Snake:3  | Found a runed translucent gate.
 24838 | Snake:3  | Noticed Ciar's ghost (adept GrCj)
 25077 | Snake:3  | Reached XP level 17. HP: 89/100 MP: 25/28
 25909 | Snake:3  | Reached skill level 17 in Shapeshifting
 25910 | Snake:3  | Killed Ciar's ghost
 26070 | Snake:4  | Entered Level 4 of the Snake Pit
 26144 | Snake:4  | Found a frozen archway.
 26166 | IceCv    | Entered an ice cave
 26184 | IceCv    | Found a transporter.
 26204 | IceCv    | Found a transporter.
 26234 | IceCv    | HP: 4/102 [caustic shrike simulacrum[an orange crystal
                  | statue] (7)]
 26234 | IceCv    | Slain by a caustic shrike simulacrum

Illustrated notes

Levels and vault maps discovered:
D:1:      ebering_trefoil_3fold, layout_loops_ring, minmay_hedge_maze,
          chequers_garden, minmay_indecisive_spiral
D:2:      layout_loops_ring
D:3:      mumra_celtic_spiral_tile, layout_loops_ring, minivault_26,
          wad_floor_pattern_untrapped
D:4:      minmay_recursive_quarters, layout_basic
D:5:      layout_rooms, nicolae_overflow_macrodata_refinement,
          kennysheep_generic_room_12, uniq_menkaure, uniq_duvessa
D:6:      layout_cave_pools, minmay_temple_entry_hall, serial_shops, shop,
          grunt_decor_clamped, minmay_fractal_squares_5
D:7:      wander_river, layout_rooms, gammafunk_ghost_cemetery, minmay_holes,
          uniq_joseph, uniq_crazy_yiuf_cottage
D:8:      layout_rooms
D:9:      cheibrodos_barr_body, layout_rooms, david_orc_3,
          kennysheep_flooded_box, nicolae_elevator_lobby_asterisk
D:10:     minmay_angry_zag, layout_loops_ring, gammafunk_temple_overflow_wave,
          erik_lair_island, enter_bailey_7
D:11:     layout_basic, enter_trove_3, serial_shops, shop, lemuel_old_faithful
D:12:     layout_stronghold, gauntlet_entry_generic, st_stairs_5
D:13:     layout_big_octagon, serial_library,
          serial_library_hellmonk_layered_room,
          serial_library_hellmonk_big_corner, serial_library_hellmonk_junction,
          serial_library_regret_index_split_case,
          serial_library_hellmonk_open_cross,
          serial_library_hellmonk_recessed_alcove,
          serial_library_hellmonk_hallway_b, serial_library_hellmonk_hallway_b,
          serial_library_hellmonk_angled_corner, grunt_ministairs_13, uniq_urug
D:14:     layout_cave_pods, david_vaults_4, grunt_dithmenos_smoke_and_mirrors,
          uniq_nessos
D:15:     grunt_enter_depths_hoard, layout_basic, serial_shops, shop,
          minivault_19, feat_on_display
Temple:   nicolae_temple_superstar
Lair:1:   layout_chaotic_city, minivault_26, nicolae_lair_lil_pond,
          cheibrodos_lair_caveside_slide, nicolae_quartered_pool_super,
          chequers_serial_rivers_large_a, kennysheep_rathole
Lair:2:   layout_hall_layers, minmay_shoals_entry_hut,
          nicolae_snake_entry_squirm, ebering_ghost_funeral_grove
Lair:3:   gammafunk_cloud_chamber, layout_cave_pods, grunt_megastairs_3
Lair:4:   layout_misc_corridors, grunt_forest_stairs_basic
Lair:5:   evil_forest, layout_hall_layers, slime_entry_1, serial_rivers,
          chequers_serial_rivers_micro_a, chequers_serial_rivers_small_3,
          chequers_serial_rivers_micro_e, chequers_serial_rivers_large_b,
          chequers_serial_rivers_room_b, cheibrodos_lair_lostbears
Snake:1:  layout_cave_shapes, grunt_megastairs_2, minmay_shop_star, uniq_aizul
Snake:2:  layout_misc_corridors, serial_shops, nicolae_shop_tiny_glass,
          nicolae_stop_n_shop_2, uniq_mlioglotl, uniq_nikola
Snake:3:  layout_basic, gammafunk_ghost_split, serial_bayou_shore_a,
          uniq_asterion
Snake:4:  grunt_snake_rune_serpentine_throne, layout_misc_corridors,
          portal_ice_cave_entry_ugly_swarm, uniq_vashnia
Orc:1:    layout_diamond_mine, nicolae_orc_rockfall
Orc:2:    grunt_orc_community_town_hall, layout_caves,
          grunt_orc_community_big_house_1, grunt_orc_community_big_house_1,
          grunt_orc_community_house_2, grunt_orc_community_house_2,
          grunt_orc_community_house_3, grunt_orc_community_house_3,
          grunt_orc_community_house_1
IceCv:    ice_cave_statue_garden_transporter

Skill      XL: |  1  2  3  4  5  6  7  8  9 10 11 12 13 14 15 16 17 |
---------------+----------------------------------------------------+-----
Unarmed Combat | 4 5 6 8 10 11 13 14 15 | 15.0
Shapeshifting  | 4 5 6 7 8 9 10 12 14 16 17 | 17.3
Fighting       | 3 5 6 8 9 10 11 | 11.8
Armour         | 2 4 5 7 8 10 11 | 11.5
Invocations    | 3 6 7 9 12 14 | 14.0
Dodging        | |  1.5

Action                     |  1- 3 |  4- 6 |  7- 9 | 10-12 | 13-15 | 16-18 || total
---------------------------+-------+-------+-------+-------+-------+-------++-------
  Melee: Unarmed           |   105 |   130 |   217 |   600 |  1184 |   567 ||  2803
         Bite              |    21 |    26 |    66 |   258 |   522 |   211 ||  1104
         Punch             |     4 |     3 |     1 |       |       |    33 ||    41
         War axe           |       |       |     6 |       |       |       ||     6
         Constrict         |       |       |       |       |       |     5 ||     5
  Throw: Javelin           |     1 |       |       |       |       |       ||     1
 Invoke: Overgrow          |       |       |       |       |     7 |     3 ||    10
  Evoke: Wand              |       |       |       |     9 |     3 |       ||    12
    Use: Scroll            |       |    10 |     4 |    12 |    11 |     2 ||    39
         Potion            |       |       |     1 |     7 |     1 |     1 ||    10
   Stab: Paralysed         |       |       |       |       |     4 |       ||     4
         Distracted        |       |       |       |       |       |     1 ||     1
         Confused          |       |       |       |       |       |     1 ||     1
 Armour: Animal skin       |    14 |       |       |       |       |       ||    14
         Ring mail         |    48 |    68 |    48 |       |       |       ||   164
         Skin              |       |       |     3 |       |     1 |    11 ||    15
         Chain mail        |       |       |   157 |   556 |  1156 |       ||  1869
         Pearl dragon scal |       |       |       |       |   226 |   209 ||   435
         Gold dragon scale |       |       |       |       |       |   540 ||   540
  Dodge: Dodged            |    61 |    77 |   110 |   237 |   593 |   158 ||  1236
   Form: Flux              |       |       |     1 |       |       |       ||     1
         Blade             |       |       |       |       |       |     2 ||     2
         Anaconda          |       |       |       |       |       |     1 ||     1
         Dragon            |       |       |       |       |       |     1 ||     1

Table legend: (Time is in decaauts)
 A = Elapsed time spent in this place.
 B = Non-inter-level travel time spent in this place.
 C = Inter-level travel time spent in this place.
 D = Time resting spent in this place.
 E = Time spent auto-exploring this place.
 F = Levels seen in this place.
 G = Mean time per level.
                   A        B        C        D        E       F      G
               +--------+--------+--------+--------+--------+-----+--------+
         Total |  26550 |  24773 |   1777 |   3899 |  14759 |  30 |  885.0 |
       Dungeon |  13733 |  12791 |    942 |   1438 |   8860 |  15 |  915.5 |
        Temple |     30 |     18 |     12 |      0 |      0 |   1 |   30.0 |
          Lair |   5704 |   5181 |    523 |    209 |   3615 |   5 | 1140.8 |
     Snake Pit |   4287 |   4173 |    114 |   1626 |   1453 |   4 | 1071.8 |
  Orcish Mines |   2114 |   1929 |    185 |    576 |    827 |   2 | 1057.0 |
        Bailey |    212 |    212 |      0 |      0 |      2 |   1 |  212.0 |
      Ice Cave |     64 |     64 |      0 |     15 |      0 |   1 |   64.0 |
      Gauntlet |    402 |    402 |      0 |     34 |      0 |   1 |  402.0 |
               +--------+--------+--------+--------+--------+-----+--------+

Top non-repeatable levels by time:
 Snake:1: 1828 daAuts
  Lair:5: 1516 daAuts
     D:4: 1480 daAuts
  Lair:1: 1386 daAuts
 Snake:3: 1343 daAuts
     D:6: 1180 daAuts
   Orc:1: 1148 daAuts
  Lair:3: 1133 daAuts
  Lair:2: 1085 daAuts
     D:7: 1065 daAuts
     D:3: 1064 daAuts
     D:9: 1058 daAuts
 Snake:2: 1029 daAuts
     D:1: 979 daAuts
    D:11: 971 daAuts
